AoeStats
← John Hawkwood

Arabia

507496202Analyzed
1v1 RM · 14d ago on Sep 18, 2026· 43m 22s· 2 players
Game mode
Random Map
Map size
Tiny (2 player)
Population
200
Speed
Normal
Resources
Standard
Victory
Conquest
Starting age
Dark Age
Ending age
Imperial Age
RankedLock teamsTeams togetherTeam positionsShared explorationLock speedFull tech treeHidden civsTurbo modeCheats
Victory
Defeat
🇺🇸 Mongols · United States
1013
+17
🇹🇼 Burgundians · Taiwan
1035
-17
John Hawkwood
5:04 Loom
9:24 Feudal Age
10:49 Double-Bit Axe
14:24 Horse Collar
16:15 Forging
20:30 Castle Age
20:34 Bloodlines
22:52 Husbandry
23:07 Scale Barding Armor
26:17 Iron Casting
26:02 Chain Barding Armor
27:18 Bow Saw
29:54 Chain Barding Armor
33:21 Imperial Age
31:00 Gold Mining
33:03 Wheelbarrow
35:17 Hand Cart
35:40 Stone Mining
35:18 Capped Ram
36:24 Cavalier
39:02 Blast Furnace
39:23 Ballistics
39:01 Murder Holes
39:27 Ballistics
39:33 Fletching
41:50 Conscription
43:37 Chemistry
43:06 Siege Ram
OAO
3:03 Double-Bit Axe
9:02 Loom
12:58 Feudal Age
11:40 Horse Collar
12:56 Loom
20:33 Castle Age
20:10 Wheelbarrow
20:48 Cavalier
21:29 Husbandry
22:13 Bow Saw
22:04 Heavy Plow
27:55 Scale Barding Armor
30:07 Scale Mail Armor
31:19 Forging
32:54 Squires
32:27 Pikeman
36:39 Chain Mail Armor
36:56 Stone Mining
38:16 Arson
42:30 Iron Casting
Connection lost

Rejoining the realm…

Still unreachable

The connection could not be restored.

Session expired

The server has moved on; the page needs a fresh start.